Workbook

Sheet Scénarios
A1: Paramètres par scénario — Prérempli
B2: Bas | C2: Central | D2: Haut
A3: Croissance mensuelle du CA (taux) | B3: 0.02 | C3: 0.05 | D3: 0.08
A4: Marge brute (%) | B4: 0.6 | C4: 0.7 | D4: 0.75
A5: CA mois 1 (base) | B5: 12000 | C5: 18000 | D5: 25000
A6: Opex mensuels - Sales & Marketing | B6: 9000 | C6: 12000 | D6: 16000
A7: Opex mensuels - R&D / Produit | B7: 9500 | C7: 12000 | D7: 16000
A8: Opex mensuels - G&A | B8: 6500 | C8: 7500 | D8: 9500
A9: Jours Clients (DSO) | B9: 60 | C9: 45 | D9: 30
A10: Jours Fournisseurs (DPO) | B10: 45 | C10: 35 | D10: 30
A11: Jours Stock (DIO) | B11: 25 | C11: 15 | D11: 10
A12: Taux d'impôt (%) | B12: 0.25 | C12: 0.25 | D12: 0.25
A13: CAPEX mensuel | B13: 1800 | C13: 2200 | D13: 3200
A14: Amortissements mensuels (P&L) | B14: 450 | C14: 600 | D14: 900
A15: Trésorerie initiale | B15: 70000 | C15: 110000 | D15: 160000
A17: Saisonnalité (facteurs mensuels, moy. = 1)
A18: Jan | B18: Fév | C18: Mar | D18: Avr | E18: Mai | F18: Juin | G18: Juil | H18: Août | I18: Sep | J18: Oct | K18: Nov | L18: Déc
A19: 0.95 | B19: 0.98 | C19: 1 | D19: 1.02 | E19: 1.03 | F19: 1 | G19: 0.97 | H19: 0.96 | I19: 1.01 | J19: 1.08 | K19: 1.1 | L19: 1.15

Sheet Hypothèses
A1: Hypothèses (modifiable) — cellules bleues + sélecteur de scénario + date de départ
A2: Scénario actif | B2: Central | D2: Astuce : testez Bas/Haut pour la sensibilité. Les autres feuilles se recalculent automatiquement.
A3: Mois de départ (M1) | B3: 45931 | D3: Le P&L, BFR et Cash afficheront M1..M36 en fonction de cette date.
A5: Croissance mensuelle du CA
A6: Marge brute
A7: CA base (mois 1)
A8: Opex S&M (mensuel)
A9: Opex R&D (mensuel)
A10: Opex G&A (mensuel)
A11: Jours Clients (DSO)
A12: Jours Fournisseurs (DPO)
A13: Jours Stock (DIO)
A14: Taux d'impôt
A15: CAPEX mensuel
A16: Amortissements (mensuels P&L)
A17: Trésorerie initiale
A20: Saisonnalité (0,95…1,15). Si M1=Octobre, M1 prend Oct, M2 Nov, etc. | B20: =INDEX(Scénarios!$A$19:$L$19,MONTH($B$3)) -> 0 | D20: Le facteur de saisonnalité appliqué à chaque mois est déterminé automatiquement par M1.
A22: Note :
A23: Toutes les cellules bleues sont des hypothèses. Changez B2 (scénario) et B3 (date de départ) pour recalcul total.

Sheet P&L_Mensuel
A1: P&L mensuel (36 mois) — entièrement automatisé
A2: Lignes | B2: =EDATE(Hypothèses!$B$3,0) -> 0 | C2: =EDATE(Hypothèses!$B$3,1) -> 0 | D2: =EDATE(Hypothèses!$B$3,2) -> 0 | E2: =EDATE(Hypothèses!$B$3,3) -> 0 | F2: =EDATE(Hypothèses!$B$3,4) -> 0 | G2: =EDATE(Hypothèses!$B$3,5) -> 0 | H2: =EDATE(Hypothèses!$B$3,6) -> 0 | I2: =EDATE(Hypothèses!$B$3,7) -> 0 | J2: =EDATE(Hypothèses!$B$3,8) -> 0 | K2: =EDATE(Hypothèses!$B$3,9) -> 0 | L2: =EDATE(Hypothèses!$B$3,10) -> 0 | M2: =EDATE(Hypothèses!$B$3,11) -> 0 | N2: =EDATE(Hypothèses!$B$3,12) -> 0 | O2: =EDATE(Hypothèses!$B$3,13) -> 0 | P2: =EDATE(Hypothèses!$B$3,14) -> 0 | Q2: =EDATE(Hypothèses!$B$3,15) -> 0 | R2: =EDATE(Hypothèses!$B$3,16) -> 0 | S2: =EDATE(Hypothèses!$B$3,17) -> 0 | T2: =EDATE(Hypothèses!$B$3,18) -> 0 | U2: =EDATE(Hypothèses!$B$3,19) -> 0 | V2: =EDATE(Hypothèses!$B$3,20) -> 0 | W2: =EDATE(Hypothèses!$B$3,21) -> 0 | X2: =EDATE(Hypothèses!$B$3,22) -> 0 | Y2: =EDATE(Hypothèses!$B$3,23) -> 0 | Z2: =EDATE(Hypothèses!$B$3,24) -> 0 | AA2: =EDATE(Hypothèses!$B$3,25) -> 0 | AB2: =EDATE(Hypothèses!$B$3,26) -> 0 | AC2: =EDATE(Hypothèses!$B$3,27) -> 0 | AD2: =EDATE(Hypothèses!$B$3,28) -> 0 | AE2: =EDATE(Hypothèses!$B$3,29) -> 0 | AF2: =EDATE(Hypothèses!$B$3,30) -> 0 | AG2: =EDATE(Hypothèses!$B$3,31) -> 0 | AH2: =EDATE(Hypothèses!$B$3,32) -> 0 | AI2: =EDATE(Hypothèses!$B$3,33) -> 0 | AJ2: =EDATE(Hypothèses!$B$3,34) -> 0 | AK2: =EDATE(Hypothèses!$B$3,35) -> 0
A3: CA | B3: =Hypothèses!$B$7*INDEX(Scénarios!$A$19:$L$19,MONTH(Hypothèses!$B$3)) -> 0 | C3: =B3*(1+Hypothèses!$B$5)*INDEX(Scénarios!$A$19:$L$19,MONTH(EDATE(Hypothèses!$B$3,1))) -> 0 | D3: =C3*(1+Hypothèses!$B$5)*INDEX(Scénarios!$A$19:$L$19,MONTH(EDATE(Hypothèses!$B$3,2))) -> 0 | E3: =D3*(1+Hypothèses!$B$5)*INDEX(Scénarios!$A$19:$L$19,MONTH(EDATE(Hypothèses!$B$3,3))) -> 0 | F3: =E3*(1+Hypothèses!$B$5)*INDEX(Scénarios!$A$19:$L$19,MONTH(EDATE(Hypothèses!$B$3,4))) -> 0 | G3: =F3*(1+Hypothèses!$B$5)*INDEX(Scénarios!$A$19:$L$19,MONTH(EDATE(Hypothèses!$B$3,5))) -> 0 | H3: =G3*(1+Hypothèses!$B$5)*INDEX(Scénarios!$A$19:$L$19,MONTH(EDATE(Hypothèses!$B$3,6))) -> 0 | I3: =H3*(1+Hypothèses!$B$5)*INDEX(Scénarios!$A$19:$L$19,MONTH(EDATE(Hypothèses!$B$3,7))) -> 0 | J3: =I3*(1+Hypothèses!$B$5)*INDEX(Scénarios!$A$19:$L$19,MONTH(EDATE(Hypothèses!$B$3,8))) -> 0 | K3: =J3*(1+Hypothèses!$B$5)*INDEX(Scénarios!$A$19:$L$19,MONTH(EDATE(Hypothèses!$B$3,9))) -> 0 | L3: =K3*(1+Hypothèses!$B$5)*INDEX(Scénarios!$A$19:$L$19,MONTH(EDATE(Hypothèses!$B$3,10))) -> 0 | M3: =L3*(1+Hypothèses!$B$5)*INDEX(Scénarios!$A$19:$L$19,MONTH(EDATE(Hypothèses!$B$3,11))) -> 0 | N3: =M3*(1+Hypothèses!$B$5)*INDEX(Scénarios!$A$19:$L$19,MONTH(EDATE(Hypothèses!$B$3,12))) -> 0 | O3: =N3*(1+Hypothèses!$B$5)*INDEX(Scénarios!$A$19:$L$19,MONTH(EDATE(Hypothèses!$B$3,13))) -> 0 | P3: =O3*(1+Hypothèses!$B$5)*INDEX(Scénarios!$A$19:$L$19,MONTH(EDATE(Hypothèses!$B$3,14))) -> 0 | Q3: =P3*(1+Hypothèses!$B$5)*INDEX(Scénarios!$A$19:$L$19,MONTH(EDATE(Hypothèses!$B$3,15))) -> 0 | R3: =Q3*(1+Hypothèses!$B$5)*INDEX(Scénarios!$A$19:$L$19,MONTH(EDATE(Hypothèses!$B$3,16))) -> 0 | S3: =R3*(1+Hypothèses!$B$5)*INDEX(Scénarios!$A$19:$L$19,MONTH(EDATE(Hypothèses!$B$3,17))) -> 0 | T3: =S3*(1+Hypothèses!$B$5)*INDEX(Scénarios!$A$19:$L$19,MONTH(EDATE(Hypothèses!$B$3,18))) -> 0 | U3: =T3*(1+Hypothèses!$B$5)*INDEX(Scénarios!$A$19:$L$19,MONTH(EDATE(Hypothèses!$B$3,19))) -> 0 | V3: =U3*(1+Hypothèses!$B$5)*INDEX(Scénarios!$A$19:$L$19,MONTH(EDATE(Hypothèses!$B$3,20))) -> 0 | W3: =V3*(1+Hypothèses!$B$5)*INDEX(Scénarios!$A$19:$L$19,MONTH(EDATE(Hypothèses!$B$3,21))) -> 0 | X3: =W3*(1+Hypothèses!$B$5)*INDEX(Scénarios!$A$19:$L$19,MONTH(EDATE(Hypothèses!$B$3,22))) -> 0 | Y3: =X3*(1+Hypothèses!$B$5)*INDEX(Scénarios!$A$19:$L$19,MONTH(EDATE(Hypothèses!$B$3,23))) -> 0 | Z3: =Y3*(1+Hypothèses!$B$5)*INDEX(Scénarios!$A$19:$L$19,MONTH(EDATE(Hypothèses!$B$3,24))) -> 0 | AA3: =Z3*(1+Hypothèses!$B$5)*INDEX(Scénarios!$A$19:$L$19,MONTH(EDATE(Hypothèses!$B$3,25))) -> 0 | AB3: =AA3*(1+Hypothèses!$B$5)*INDEX(Scénarios!$A$19:$L$19,MONTH(EDATE(Hypothèses!$B$3,26))) -> 0 | AC3: =AB3*(1+Hypothèses!$B$5)*INDEX(Scénarios!$A$19:$L$19,MONTH(EDATE(Hypothèses!$B$3,27))) -> 0 | AD3: =AC3*(1+Hypothèses!$B$5)*INDEX(Scénarios!$A$19:$L$19,MONTH(EDATE(Hypothèses!$B$3,28))) -> 0 | AE3: =AD3*(1+Hypothèses!$B$5)*INDEX(Scénarios!$A$19:$L$19,MONTH(EDATE(Hypothèses!$B$3,29))) -> 0 | AF3: =AE3*(1+Hypothèses!$B$5)*INDEX(Scénarios!$A$19:$L$19,MONTH(EDATE(Hypothèses!$B$3,30))) -> 0 | AG3: =AF3*(1+Hypothèses!$B$5)*INDEX(Scénarios!$A$19:$L$19,MONTH(EDATE(Hypothèses!$B$3,31))) -> 0 | AH3: =AG3*(1+Hypothèses!$B$5)*INDEX(Scénarios!$A$19:$L$19,MONTH(EDATE(Hypothèses!$B$3,32))) -> 0 | AI3: =AH3*(1+Hypothèses!$B$5)*INDEX(Scénarios!$A$19:$L$19,MONTH(EDATE(Hypothèses!$B$3,33))) -> 0 | AJ3: =AI3*(1+Hypothèses!$B$5)*INDEX(Scénarios!$A$19:$L$19,MONTH(EDATE(Hypothèses!$B$3,34))) -> 0 | AK3: =AJ3*(1+Hypothèses!$B$5)*INDEX(Scénarios!$A$19:$L$19,MONTH(EDATE(Hypothèses!$B$3,35))) -> 0
A4: COGS | B4: =B3*(1-Hypothèses!$B$6) -> 0 | C4: =C3*(1-Hypothèses!$B$6) -> 0 | D4: =D3*(1-Hypothèses!$B$6) -> 0 | E4: =E3*(1-Hypothèses!$B$6) -> 0 | F4: =F3*(1-Hypothèses!$B$6) -> 0 | G4: =G3*(1-Hypothèses!$B$6) -> 0 | H4: =H3*(1-Hypothèses!$B$6) -> 0 | I4: =I3*(1-Hypothèses!$B$6) -> 0 | ... AK4: =AK3*(1-Hypothèses!$B$6) -> 0
A5: Marge brute | B5: =B3-B4 -> 0 | C5: =C3-C4 -> 0 | D5: =D3-D4 -> 0 | E5: =E3-E4 -> 0 | F5: =F3-F4 -> 0 | G5: =G3-G4 -> 0 | H5: =H3-H4 -> 0 | I5: =I3-I4 -> 0 | ... AK5: =AK3-AK4 -> 0
A6: Opex S&M | B6: =Hypothèses!$B$8 -> 0 | C6: =Hypothèses!$B$8 -> 0 | D6: =Hypothèses!$B$8 -> 0 | E6: =Hypothèses!$B$8 -> 0 | F6: =Hypothèses!$B$8 -> 0 | G6: =Hypothèses!$B$8 -> 0 | H6: =Hypothèses!$B$8 -> 0 | I6: =Hypothèses!$B$8 -> 0 | ... AK6: =Hypothèses!$B$8 -> 0
A7: Opex R&D | B7: =Hypothèses!$B$9 -> 0 | C7: =Hypothèses!$B$9 -> 0 | D7: =Hypothèses!$B$9 -> 0 | E7: =Hypothèses!$B$9 -> 0 | F7: =Hypothèses!$B$9 -> 0 | G7: =Hypothèses!$B$9 -> 0 | H7: =Hypothèses!$B$9 -> 0 | I7: =Hypothèses!$B$9 -> 0 | ... AK7: =Hypothèses!$B$9 -> 0
A8: Opex G&A | B8: =Hypothèses!$B$10 -> 0 | C8: =Hypothèses!$B$10 -> 0 | D8: =Hypothèses!$B$10 -> 0 | E8: =Hypothèses!$B$10 -> 0 | F8: =Hypothèses!$B$10 -> 0 | G8: =Hypothèses!$B$10 -> 0 | H8: =Hypothèses!$B$10 -> 0 | I8: =Hypothèses!$B$10 -> 0 | ... AK8: =Hypothèses!$B$10 -> 0
A9: EBITDA | B9: =B5-(B6+B7+B8) -> 0 | C9: =C5-(C6+C7+C8) -> 0 | D9: =D5-(D6+D7+D8) -> 0 | E9: =E5-(E6+E7+E8) -> 0 | F9: =F5-(F6+F7+F8) -> 0 | G9: =G5-(G6+G7+G8) -> 0 | H9: =H5-(H6+H7+H8) -> 0 | I9: =I5-(I6+I7+I8) -> 0 | ... AK9: =AK5-(AK6+AK7+AK8) -> 0
A10: Amortissements | B10: =Hypothèses!$B$14 -> 0 | C10: =Hypothèses!$B$14 -> 0 | D10: =Hypothèses!$B$14 -> 0 | E10: =Hypothèses!$B$14 -> 0 | F10: =Hypothèses!$B$14 -> 0 | G10: =Hypothèses!$B$14 -> 0 | H10: =Hypothèses!$B$14 -> 0 | I10: =Hypothèses!$B$14 -> 0 | ... AK10: =Hypothèses!$B$14 -> 0
A11: EBIT | B11: =B9-B10 -> 0 | C11: =C9-C10 -> 0 | D11: =D9-D10 -> 0 | E11: =E9-E10 -> 0 | F11: =F9-F10 -> 0 | G11: =G9-G10 -> 0 | H11: =H9-H10 -> 0 | I11: =I9-I10 -> 0 | ... AK11: =AK9-AK10 -> 0
A12: Impôt | B12: =MAX(B11,0)*Hypothèses!$B$12 -> 0 | C12: =MAX(C11,0)*Hypothèses!$B$12 -> 0 | D12: =MAX(D11,0)*Hypothèses!$B$12 -> 0 | E12: =MAX(E11,0)*Hypothèses!$B$12 -> 0 | F12: =MAX(F11,0)*Hypothèses!$B$12 -> 0 | G12: =MAX(G11,0)*Hypothèses!$B$12 -> 0 | H12: =MAX(H11,0)*Hypothèses!$B$12 -> 0 | I12: =MAX(I11,0)*Hypothèses!$B$12 -> 0 | ... AK12: =MAX(AK11,0)*Hypothèses!$B$12 -> 0
A13: Résultat net | B13: =B11-B12 -> 0 | C13: =C11-C12 -> 0 | D13: =D11-D12 -> 0 | E13: =E11-E12 -> 0 | F13: =F11-F12 -> 0 | G13: =G11-G12 -> 0 | H13: =H11-H12 -> 0 | I13: =I11-I12 -> 0 | ... AK13: =AK11-AK12 -> 0

Sheet BFR
A1: BFR (Clients, Stock, Fournisseurs) — automatisé
A2: Composantes | B2: =EDATE(Hypothèses!$B$3,0) -> 0 | C2: =EDATE(Hypothèses!$B$3,1) -> 0 | D2: =EDATE(Hypothèses!$B$3,2) -> 0 | E2: =EDATE(Hypothèses!$B$3,3) -> 0 | F2: =EDATE(Hypothèses!$B$3,4) -> 0 | G2: =EDATE(Hypothèses!$B$3,5) -> 0 | H2: =EDATE(Hypothèses!$B$3,6) -> 0 | I2: =EDATE(Hypothèses!$B$3,7) -> 0 | J2: =EDATE(Hypothèses!$B$3,8) -> 0 | K2: =EDATE(Hypothèses!$B$3,9) -> 0 | L2: =EDATE(Hypothèses!$B$3,10) -> 0 | M2: =EDATE(Hypothèses!$B$3,11) -> 0 | N2: =EDATE(Hypothèses!$B$3,12) -> 0 | O2: =EDATE(Hypothèses!$B$3,13) -> 0 | P2: =EDATE(Hypothèses!$B$3,14) -> 0 | Q2: =EDATE(Hypothèses!$B$3,15) -> 0 | R2: =EDATE(Hypothèses!$B$3,16) -> 0 | S2: =EDATE(Hypothèses!$B$3,17) -> 0 | T2: =EDATE(Hypothèses!$B$3,18) -> 0 | U2: =EDATE(Hypothèses!$B$3,19) -> 0 | V2: =EDATE(Hypothèses!$B$3,20) -> 0 | W2: =EDATE(Hypothèses!$B$3,21) -> 0 | X2: =EDATE(Hypothèses!$B$3,22) -> 0 | Y2: =EDATE(Hypothèses!$B$3,23) -> 0 | Z2: =EDATE(Hypothèses!$B$3,24) -> 0 | AA2: =EDATE(Hypothèses!$B$3,25) -> 0 | AB2: =EDATE(Hypothèses!$B$3,26) -> 0 | AC2: =EDATE(Hypothèses!$B$3,27) -> 0 | AD2: =EDATE(Hypothèses!$B$3,28) -> 0 | AE2: =EDATE(Hypothèses!$B$3,29) -> 0 | AF2: =EDATE(Hypothèses!$B$3,30) -> 0 | AG2: =EDATE(Hypothèses!$B$3,31) -> 0 | AH2: =EDATE(Hypothèses!$B$3,32) -> 0 | AI2: =EDATE(Hypothèses!$B$3,33) -> 0 | AJ2: =EDATE(Hypothèses!$B$3,34) -> 0 | AK2: =EDATE(Hypothèses!$B$3,35) -> 0
A3: AR (Clients) | B3: =P&L_Mensuel!B3*Hypothèses!$B$11/30 -> 0 | C3: =P&L_Mensuel!C3*Hypothèses!$B$11/30 -> 0 | D3: =P&L_Mensuel!D3*Hypothèses!$B$11/30 -> 0 | E3: =P&L_Mensuel!E3*Hypothèses!$B$11/30 -> 0 | F3: =P&L_Mensuel!F3*Hypothèses!$B$11/30 -> 0 | G3: =P&L_Mensuel!G3*Hypothèses!$B$11/30 -> 0 | H3: =P&L_Mensuel!H3*Hypothèses!$B$11/30 -> 0 | I3: =P&L_Mensuel!I3*Hypothèses!$B$11/30 -> 0 | ... AK3: =P&L_Mensuel!AK3*Hypothèses!$B$11/30 -> 0
A4: Stock | B4: =P&L_Mensuel!B4*Hypothèses!$B$13/30 -> 0 | C4: =P&L_Mensuel!C4*Hypothèses!$B$13/30 -> 0 | D4: =P&L_Mensuel!D4*Hypothèses!$B$13/30 -> 0 | E4: =P&L_Mensuel!E4*Hypothèses!$B$13/30 -> 0 | F4: =P&L_Mensuel!F4*Hypothèses!$B$13/30 -> 0 | G4: =P&L_Mensuel!G4*Hypothèses!$B$13/30 -> 0 | H4: =P&L_Mensuel!H4*Hypothèses!$B$13/30 -> 0 | I4: =P&L_Mensuel!I4*Hypothèses!$B$13/30 -> 0 | ... AK4: =P&L_Mensuel!AK4*Hypothèses!$B$13/30 -> 0
A5: AP (Fournisseurs) | B5: =P&L_Mensuel!B4*Hypothèses!$B$12/30 -> 0 | C5: =P&L_Mensuel!C4*Hypothèses!$B$12/30 -> 0 | D5: =P&L_Mensuel!D4*Hypothèses!$B$12/30 -> 0 | E5: =P&L_Mensuel!E4*Hypothèses!$B$12/30 -> 0 | F5: =P&L_Mensuel!F4*Hypothèses!$B$12/30 -> 0 | G5: =P&L_Mensuel!G4*Hypothèses!$B$12/30 -> 0 | H5: =P&L_Mensuel!H4*Hypothèses!$B$12/30 -> 0 | I5: =P&L_Mensuel!I4*Hypothèses!$B$12/30 -> 0 | ... AK5: =P&L_Mensuel!AK4*Hypothèses!$B$12/30 -> 0
A6: BFR net | B6: =B3+B4-B5 -> 0 | C6: =C3+C4-C5 -> 0 | D6: =D3+D4-D5 -> 0 | E6: =E3+E4-E5 -> 0 | F6: =F3+F4-F5 -> 0 | G6: =G3+G4-G5 -> 0 | H6: =H3+H4-H5 -> 0 | I6: =I3+I4-I5 -> 0 | ... AK6: =AK3+AK4-AK5 -> 0
A7: Δ BFR | B7: =B6 -> 0 | C7: =C6-B6 -> 0 | D7: =D6-C6 -> 0 | E7: =E6-D6 -> 0 | F7: =F6-E6 -> 0 | G7: =G6-F6 -> 0 | H7: =H6-G6 -> 0 | I7: =I6-H6 -> 0 | J7: =J6-I6 -> 0 | ... AK7: =AK6-AJ6 -> 0

Sheet CashFlow_Mensuel
A1: Flux de trésorerie (mensuel) — automatisé
A2: Lignes | B2: =EDATE(Hypothèses!$B$3,0) -> 0 | C2: =EDATE(Hypothèses!$B$3,1) -> 0 | D2: =EDATE(Hypothèses!$B$3,2) -> 0 | E2: =EDATE(Hypothèses!$B$3,3) -> 0 | F2: =EDATE(Hypothèses!$B$3,4) -> 0 | G2: =EDATE(Hypothèses!$B$3,5) -> 0 | H2: =EDATE(Hypothèses!$B$3,6) -> 0 | I2: =EDATE(Hypothèses!$B$3,7) -> 0 | J2: =EDATE(Hypothèses!$B$3,8) -> 0 | K2: =EDATE(Hypothèses!$B$3,9) -> 0 | L2: =EDATE(Hypothèses!$B$3,10) -> 0 | M2: =EDATE(Hypothèses!$B$3,11) -> 0 | N2: =EDATE(Hypothèses!$B$3,12) -> 0 | O2: =EDATE(Hypothèses!$B$3,13) -> 0 | P2: =EDATE(Hypothèses!$B$3,14) -> 0 | Q2: =EDATE(Hypothèses!$B$3,15) -> 0 | R2: =EDATE(Hypothèses!$B$3,16) -> 0 | S2: =EDATE(Hypothèses!$B$3,17) -> 0 | T2: =EDATE(Hypothèses!$B$3,18) -> 0 | U2: =EDATE(Hypothèses!$B$3,19) -> 0 | V2: =EDATE(Hypothèses!$B$3,20) -> 0 | W2: =EDATE(Hypothèses!$B$3,21) -> 0 | X2: =EDATE(Hypothèses!$B$3,22) -> 0 | Y2: =EDATE(Hypothèses!$B$3,23) -> 0 | Z2: =EDATE(Hypothèses!$B$3,24) -> 0 | AA2: =EDATE(Hypothèses!$B$3,25) -> 0 | AB2: =EDATE(Hypothèses!$B$3,26) -> 0 | AC2: =EDATE(Hypothèses!$B$3,27) -> 0 | AD2: =EDATE(Hypothèses!$B$3,28) -> 0 | AE2: =EDATE(Hypothèses!$B$3,29) -> 0 | AF2: =EDATE(Hypothèses!$B$3,30) -> 0 | AG2: =EDATE(Hypothèses!$B$3,31) -> 0 | AH2: =EDATE(Hypothèses!$B$3,32) -> 0 | AI2: =EDATE(Hypothèses!$B$3,33) -> 0 | AJ2: =EDATE(Hypothèses!$B$3,34) -> 0 | AK2: =EDATE(Hypothèses!$B$3,35) -> 0
A3: Résultat net | B3: =P&L_Mensuel!B13 -> 0 | C3: =P&L_Mensuel!C13 -> 0 | D3: =P&L_Mensuel!D13 -> 0 | E3: =P&L_Mensuel!E13 -> 0 | F3: =P&L_Mensuel!F13 -> 0 | G3: =P&L_Mensuel!G13 -> 0 | H3: =P&L_Mensuel!H13 -> 0 | I3: =P&L_Mensuel!I13 -> 0 | ... AK3: =P&L_Mensuel!AK13 -> 0
A4: Amortissements (non cash) | B4: =P&L_Mensuel!B10 -> 0 | C4: =P&L_Mensuel!C10 -> 0 | D4: =P&L_Mensuel!D10 -> 0 | E4: =P&L_Mensuel!E10 -> 0 | F4: =P&L_Mensuel!F10 -> 0 | G4: =P&L_Mensuel!G10 -> 0 | H4: =P&L_Mensuel!H10 -> 0 | I4: =P&L_Mensuel!I10 -> 0 | ... AK4: =P&L_Mensuel!AK10 -> 0
A5: Δ BFR | B5: =BFR!B7 -> 0 | C5: =BFR!C7 -> 0 | D5: =BFR!D7 -> 0 | E5: =BFR!E7 -> 0 | F5: =BFR!F7 -> 0 | G5: =BFR!G7 -> 0 | H5: =BFR!H7 -> 0 | I5: =BFR!I7 -> 0 | ... AK5: =BFR!AK7 -> 0
A6: Cash-flow opérationnel | B6: =B3+B4-B5 -> 0 | C6: =C3+C4-C5 -> 0 | D6: =D3+D4-D5 -> 0 | E6: =E3+E4-E5 -> 0 | F6: =F3+F4-F5 -> 0 | G6: =G3+G4-G5 -> 0 | H6: =H3+H4-H5 -> 0 | I6: =I3+I4-I5 -> 0 | ... AK6: =AK3+AK4-AK5 -> 0
A7: CAPEX (sortie de cash) | B7: =Hypothèses!$B$13*-1 -> 0 | C7: =Hypothèses!$B$13*-1 -> 0 | D7: =Hypothèses!$B$13*-1 -> 0 | E7: =Hypothèses!$B$13*-1 -> 0 | F7: =Hypothèses!$B$13*-1 -> 0 | G7: =Hypothèses!$B$13*-1 -> 0 | H7: =Hypothèses!$B$13*-1 -> 0 | I7: =Hypothèses!$B$13*-1 -> 0 | ... AK7: =Hypothèses!$B$13*-1 -> 0
A8: Cash net du mois | B8: =B6+B7 -> 0 | C8: =C6+C7 -> 0 | D8: =D6+D7 -> 0 | E8: =E6+E7 -> 0 | F8: =F6+F7 -> 0 | G8: =G6+G7 -> 0 | H8: =H6+H7 -> 0 | I8: =I6+I7 -> 0 | ... AK8: =AK6+AK7 -> 0
A9: Trésorerie de début | B9: =Hypothèses!$B$15 -> 0 | C9: =B10 -> 0 | D9: =C10 -> 0 | E9: =D10 -> 0 | F9: =E10 -> 0 | G9: =F10 -> 0 | H9: =G10 -> 0 | I9: =H10 -> 0 | J9: =I10 -> 0 | ... AK9: =AJ10 -> 0
A10: Trésorerie de fin | B10: =B9+B8 -> 0 | C10: =C9+C8 -> 0 | D10: =D9+D8 -> 0 | E10: =E9+E8 -> 0 | F10: =F9+F8 -> 0 | G10: =G9+G8 -> 0 | H10: =H9+H8 -> 0 | I10: =I9+I8 -> 0 | ... AK10: =AK9+AK8 -> 0

Sheet Dashboard
A1: Dashboard — KPIs, dates dynamiques & alarmes
A2: Scénario actif : | B2: =Hypothèses!B2 -> 0
A4: CA M12 | B4: =INDEX(P&L_Mensuel!3:3,12+1) -> 0
A5: Marge brute % | B5: =Hypothèses!B6 -> 0
A6: EBITDA M12 | B6: =INDEX(P&L_Mensuel!9:9,12+1) -> 0
A7: Cash fin M12 | B7: =INDEX(CashFlow_Mensuel!10:10,12+1) -> 0
A8: Cash fin M24 | B8: =INDEX(CashFlow_Mensuel!10:10,24+1) -> 0
A9: Cash fin M36 | B9: =INDEX(CashFlow_Mensuel!10:10,36+1) -> 0
A12: Runway (mois avant cash < 0) | B12: =IFERROR(MATCH(TRUE, CashFlow_Mensuel!B10:AL10<0,0)-1,36) -> 0
A13: Premier mois EBITDA > 0 | B13: =IFERROR(MATCH(TRUE, P&L_Mensuel!B9:AL9>0,0),0) -> 0
A14: Premier mois Résultat net > 0 | B14: =IFERROR(MATCH(TRUE, P&L_Mensuel!B13:AL13>0,0),0) -> 0
A17: Alarme cash négatif : | B17: =IF(MIN(CashFlow_Mensuel!B10:AL10)<0,"Attention : Cash négatif prévu", "OK") -> 0
A19: Mode d’emploi :
A20: 1) Choisir scénario (Hypothèses!B2) • 2) Choisir le mois de départ (Hypothèses!B3) • 3) Ajuster les cellules bleues • 4) Lire KPIs/Graphiques.
